 Dungeon Crawl Stone Soup version 0.24-a0-528-g98e85ec62a (webtiles) character file.

Game seed: 13864146996241660608

93 Execuda the Chopper (level 4, -7/41 HPs)
             Began as a Minotaur Chaos Knight on Aug 5, 2019.
             Was a Plaything of Xom.
             Mangled by a basilisk (8 damage)
             ... while petrified by a basilisk
             ... on level 2 of the Dungeon.
             The game lasted 00:01:04 (1532 turns).

Execuda the Chopper (Minotaur Chaos Knight)         Turns: 1532, Time: 00:01:05

Health: -7/41      AC:  5    Str: 16 (18) XL:     4   Next: 36%
Magic:  3/3        EV:  2    Int:  8 (9)  God:    Xom [..*...]
Gold:   90         SH:  0    Dex:  7 (9)  Spells: 3/3 levels left

rFire    . . .     SeeInvis .   a - +0 hand axe (chaos)
rCold    . . .     Gourm    .   (no shield)
rNeg     + + +     Faith    +   b - +2 leather armour
rPois    ∞         Spirit   .   (helmet restricted)
rElec    .         Reflect  .   (no cloak)
rCorr    .         Harm     .   (no gloves)
MR       .....                  (no boots)
Stlth    ..........             l - amulet of faith
HPRegen  0.13/turn              o - ring of attention (curse)
MPRegen  0.08/turn              (no ring)

@: petrified, flying
A: retaliatory headbutt, horns 2
a: Renounce Religion


You were on level 2 of the Dungeon.
You worshipped Xom.
You were a toy of Xom.
You were not hungry.

You visited 1 branch of the dungeon, and saw 2 of its levels.

You collected 90 gold pieces.

Inventory:

Hand Weapons
 a - a +0 hand axe of chaos (weapon)
Missiles
 d - 2 javelins (quivered)
Armour
 b - a +2 leather armour (worn)
Jewellery
 l - an amulet of faith (around neck)
 o - a cursed ring of attention (left hand)
Scrolls
 h - 3 scrolls of identify {unknown}
 i - a scroll of blinking {unknown}
 j - a scroll of random uselessness {unknown}
 k - 2 scrolls of fear {unknown}
 n - 2 scrolls of enchant weapon {unknown}
 p - a scroll of teleportation {unknown}
 q - a scroll of immolation {unknown}
Potions
 f - a potion of mutation {unknown}
 g - 3 potions of curing {unknown}
 r - a potion of might {unknown}
 t - 2 potions of brilliance {unknown}
 u - a potion of lignification {unknown}
 v - a potion of heal wounds {unknown}
Comestibles
 c - 5 rations


   Skills:
 + Level 4.6 Fighting
 * Level 5.5 Axes
 - Level 2.4 Armour
 - Level 1.1 Dodging


You had 3 spell levels left.
You didn't know any spells.
Your spell library was empty.

Dungeon Overview and Level Annotations

Branches:
Dungeon (2/15)

Altars:


Innate Abilities, Weirdness & Mutations

You reflexively headbutt those who attack you in melee.
You have a pair of horns on your head.


Message History

You feel very buoyant.
You fly up into the air.
Xom thinks this is hilarious!
The basilisk gazes at you.
You are slowing down.
Unknown command.
It was a potion of degeneration.
There was something very wrong with that liquid.
You feel weakened.
You feel dopey.
You feel clumsy. The basilisk gazes at you. You resist with significant effort.
The basilisk bites you!
* * * LOW HITPOINT WARNING * * *
Your limbs are stiffening.
Unknown command.
Unknown command.
The basilisk gazes at you. You resist with significant effort.
You have turned to stone.
The basilisk bites you!
You die...
Xom howls with laughter!

#.########(..###...###
#.....................
##..........).....####
#................#
#................##
#...####'###'#....#
#...# #.# #.##.#.#
############(#
#.##.#.###
#......(@..((#
....#...#
#......l.....+
..####.#
#......?.)...# #. #.#
#............# #. #.#
#...).######## #.#
#...## ########.# #...
#........# #(.
#.##...### ## +.†.#


You could see a basilisk.

Vanquished Creatures
  A gnoll (D:1)
  2 adders (D:2)
  An ooze (D:1)
  3 worms (D:2)
  3 dart slugs
  A ball python (D:1)
  3 bats (D:1)
  3 giant cockroaches
  8 hobgoblins
  7 kobolds
  A quokka (D:2)
  2 frilled lizards
  6 goblins
  4 rats
45 creatures vanquished.

Notes
Turn   | Place    | Note
-------+----------+-------------------------------------------
     0 | D:1      | Execuda the Minotaur Chaos Knight began the quest for the
                  | Orb.
     0 | D:1      | Reached XP level 1. HP: 19/19 MP: 0/0
    49 | D:1      | Reached skill level 4 in Axes
    82 | D:1      | Reached XP level 2. HP: 27/27 MP: 1/1
   171 | D:1      | XOM: harmless Air miscast
   199 | D:1      | Reached XP level 3. HP: 20/33 MP: 2/2
   258 | D:1      | XOM: silly message
   416 | D:1      | XOM: noise
   444 | D:1      | XOM: 3-stop teleportation journey
   542 | D:1      | XOM: mild Tmut miscast
   677 | D:1      | XOM: summons 1 hostile demon
   706 | D:1      | Reached skill level 5 in Axes
   889 | D:2      | XOM: 1-stop teleportation journey
   998 | D:2      | XOM: cloud trail
  1009 | D:2      | XOM: harmless Chrm miscast
  1046 | D:2      | Reached XP level 4. HP: 31/41 MP: 3/3
  1514 | D:2      | Noticed an ogre
  1516 | D:2      | Noticed a basilisk
  1516 | D:2      | an ogre changed into a basilisk
  1516 | D:2      | XOM: polymorph ogre -> basilisk
  1525 | D:2      | XOM: noise
  1529 | D:2      | HP: 1/41 [basilisk (8)]
  1532 | D:2      | Mangled by a basilisk

Levels and vault maps discovered:
D:1:      dpeg_arrival_water_temple_mockup, layout_loops_ring
D:2:      layout_basic

Skill      XL: |  1  2  3 |
---------------+----------+-----
Axes           | 4 5 |  5.5
Fighting       | 4 |  4.6
Armour         | |  2.4
Dodging        | |  1.1

Action                   |  1- 3 |  4- 6 || total
-------------------------+-------+-------++-------
Melee: Hand axe          |    90 |    27 ||   117
       Headbutt          |     8 |     4 ||    12
Throw: Javelin           |       |     1 ||     1
  Use: Potion            |       |     2 ||     2
 Stab: Petrifying        |     1 |       ||     1
  Eat: Chunk             |     1 |     1 ||     2
Armor: Leather armour    |    18 |     9 ||    27
Dodge: Dodged            |    54 |    13 ||    67

Table legend:
 A = Non-vault XP
 B = Vault XP
 C = Vault XP percentage of total XP
 D = Non-vault monster count
 E = Vault monster count
 F = Vault count percentage of total count
                 A         B        C        D         E       F
            +---------+---------+-------+---------+---------+-------
      Total |     133 |       0 |   0.0 |      45 |       0 |   0.0
            +---------+---------+-------+---------+---------+-------
        D:1 |      65 |       0 |   0.0 |      24 |       0 |   0.0
        D:2 |      68 |       0 |   0.0 |      21 |       0 |   0.0
            +---------+---------+-------+---------+---------+-------
